TOP OF THE 1ST |
Tri-City ValleyCats batting - Pitching for Minnesota (NYP) Twins : RHP Carlos Palacios
|
Pitching: RHP Carlos Palacios
|
|
Batting: RHB Chris McGrath
|
0-0: Called Strike 0-1: Foul Ball, location: 2F 0-2: Ground out 6-3 (Groundball, 6, EV 102.5 MPH)
|
Batting: RHB Sam Spohn
|
0-0: Called Strike 0-1: Foul Ball, location: 2F 0-2: Ball 1-2: Ball 2-2: Foul Ball, location: 2F 2-2: Ground out 6-3 (Groundball, 6S, EV 86.2 MPH)
|
Batting: RHB Jamie Jennings
|
0-0: Called Strike 0-1: Ball 1-1: Ball 2-1: Foul Ball, location: 2F 2-2: Strikes out swinging
|
Top of the 1st over - 0 runs, 0 hits, 0 errors, 0 left on base; Tri-City 0 - Minnesota (NYP) 0 |
BOTTOM OF THE 1ST |
Minnesota (NYP) Twins batting - Pitching for Tri-City ValleyCats : LHP T.J. Westover
|
Pitching: LHP T.J. Westover
|
|
Batting: RHB Willie Jimenez
|
0-0: Swinging Strike 0-1: Called Strike 0-2: Ball 1-2: Ball 2-2: Strikes out swinging
|
Batting: LHB Seung-jun Chang
|
0-0: SINGLE (Groundball, 6MS, EV 80.0 MPH) (infield hit)
|
Batting: RHB David Nardone
|
0-0: Ball 1-0: Called Strike 1-1: Called Strike 1-2: Reached on error, E6 (Groundball, 6, EV 88.8 MPH) Seung-jun Chang to second
|
Batting: SHB Ian Thompson
|
0-0: Ball 1-0: Called Strike 1-1: Fly out, F6 (Flyball, 56D, EV 83.8 MPH)
|
Batting: RHB Graham Calvert
|
0-0: Ball 1-0: Ball 2-0: Called Strike 2-1: Ball 3-1: Base on Balls Seung-jun Chang to third David Nardone to second
|
Batting: RHB Michael McDonald
|
0-0: Ball 1-0: Foul Ball, location: 2F 1-1: DOUBLE (Line Drive, 89D, EV 107.5 MPH) Seung-jun Chang scores David Nardone scores Graham Calvert to third
|
Batting: RHB Chris Starcher
|
0-0: Ball 1-0: Ball 2-0: Ball 3-0: Swinging Strike 3-1: Foul Ball, location: 2F 3-2: Base on Balls
|
Batting: RHB Gustavo Pacheco
|
0-0: Ball 1-0: Called Strike 1-1: Ball Passed Ball! Graham Calvert scores Michael McDonald to third Chris Starcher to second 2-1: Foul Ball, location: 2F 2-2: 3-RUN HOME RUN (Flyball, 7D, EV 100.0 MPH), Distance : 395 ft
|
Batting: SHB Donell Burney
|
0-0: Ball 1-0: Ball 2-0: Ball 3-0: Base on Balls
|
Batting: RHB Willie Jimenez
|
0-0: Foul Ball, location: 2F 0-1: Ball 1-1: SINGLE (Line Drive, 8LS, EV 92.5 MPH) Donell Burney to second Runner from 2nd tries for 3rd, SAFE, throw by CF made to third
|
Batting: LHB Seung-jun Chang
|
0-0: Swinging Strike 0-1: Ball 1-1: Ball 2-1: Ball Passed Ball! Donell Burney scores Willie Jimenez to second 3-1: Called Strike 3-2: Foul Ball, location: 2F 3-2: Base on Balls
|
Batting: RHB David Nardone
|
0-0: Ball 1-0: Ball 2-0: Ball 3-0: Base on Balls Willie Jimenez to third Seung-jun Chang to second
|
Batting: SHB Ian Thompson
|
0-0: TRIPLE (Line Drive, 78XD, EV 105.0 MPH) Willie Jimenez scores Seung-jun Chang scores David Nardone scores
|
Pitching: RHP Mark Dearth
|
|
Batting: RHB Graham Calvert
|
0-0: Ball 1-0: Foul Ball, location: 2F 1-1: Ball 2-1: Ball 3-1: DOUBLE (Line Drive, 9LS, EV 99.4 MPH) Ian Thompson scores
|
Batting: RHB Michael McDonald
|
0-0: DOUBLE (Flyball, 89D, EV 103.1 MPH) Graham Calvert scores
|
Batting: RHB Chris Starcher
|
0-0: Called Strike 0-1: Foul Ball, location: 2F 0-2: Fly out, F9 (Flyball, 9D, EV 108.1 MPH)
|
Bottom of the 1st over - 12 runs, 7 hits, 1 error, 1 left on base; Tri-City 0 - Minnesota (NYP) 12 |
TOP OF THE 2ND |
Tri-City ValleyCats batting - Pitching for Minnesota (NYP) Twins : RHP Carlos Palacios
|
Batting: RHB Ryan Salas
|
0-0: Ball 1-0: Hit by Pitch
|
Batting: RHB Juan Mendoza
|
0-0: Ball 1-0: Foul Ball, location: 2F 1-1: Ball 2-1: Swinging Strike 2-2: Foul Ball, location: 2F 2-2: Strikes out swinging
|
Batting: RHB Masaru Konno
|
0-0: Fly out, F9 (Flyball, 9, EV 89.4 MPH)
|
Batting: RHB Bobby Dunn
|
0-0: Called Strike 0-1: Ball 1-1: Ball 2-1: Foul Ball, location: 2F 2-2: Fly out, F7 (Line Drive, 7, EV 96.2 MPH)
|
Top of the 2nd over - 0 runs, 0 hits, 0 errors, 1 left on base; Tri-City 0 - Minnesota (NYP) 12 |
BOTTOM OF THE 2ND |
Minnesota (NYP) Twins batting - Pitching for Tri-City ValleyCats : RHP Mark Dearth
|
Batting: RHB Gustavo Pacheco
|
0-0: TRIPLE (Flyball, 89XD, EV 87.5 MPH)
|
Batting: SHB Donell Burney
|
0-0: Called Strike 0-1: Fly out, F9 (Line Drive, 9D, EV 99.4 MPH) Runner from 3rd tags up, SCORES, no throw by RF
|
Batting: RHB Willie Jimenez
|
0-0: Foul Ball, location: 2F 0-1: Ground out 6-3 (Groundball, 6, EV 105.6 MPH)
|
Batting: LHB Seung-jun Chang
|
0-0: Ball 1-0: Ball 2-0: Ball 3-0: Called Strike 3-1: Foul Ball, location: 2F 3-2: Base on Balls
|
Pitching: RHP Jordan Williams
|
|
Batting: RHB David Nardone
|
0-0: Ball 1-0: Foul Ball, location: 2F 1-1: Ball 2-1: Ball 3-1: Foul Ball, location: 2F Balk! Seung-jun Chang to second 3-2: SINGLE (Flyball, 4D, EV 91.9 MPH) Seung-jun Chang to third Runner from 3rd tries for Home, SAFE, throw by RF to home
|
Batting: SHB Ian Thompson
|
0-0: Foul Ball, location: 2F 0-1: Called Strike Balk! David Nardone to second 0-2: Ground out U3 (Groundball, 3S, EV 80.6 MPH)
|
Bottom of the 2nd over - 2 runs, 2 hits, 0 errors, 1 left on base; Tri-City 0 - Minnesota (NYP) 14 |
TOP OF THE 3RD |
Tri-City ValleyCats batting - Pitching for Minnesota (NYP) Twins : RHP Carlos Palacios
|
Batting: RHB Jason Monico
|
0-0: Ball 1-0: Ground out U3 (Groundball, 13, EV 86.9 MPH)
|
Batting: RHB Jarno van Lente
|
0-0: Called Strike 0-1: Swinging Strike 0-2: Foul Ball, location: 2F 0-2: Ball 1-2: Ball 2-2: Ground out 6-3 (Groundball, 56, EV 81.9 MPH)
|
Batting: RHB Chris McGrath
|
0-0: Ball 1-0: Ball 2-0: Ground out 5-3 (Groundball, 56S, EV 73.8 MPH)
|
Top of the 3rd over - 0 runs, 0 hits, 0 errors, 0 left on base; Tri-City 0 - Minnesota (NYP) 14 |
BOTTOM OF THE 3RD |
Minnesota (NYP) Twins batting - Pitching for Tri-City ValleyCats : RHP Jordan Williams
|
Batting: RHB Graham Calvert
|
0-0: Ball 1-0: Ball 2-0: Called Strike 2-1: Swinging Strike 2-2: Foul Ball, location: 2F 2-2: Ball 3-2: Strikes out swinging
|
Batting: RHB Michael McDonald
|
0-0: Ball 1-0: Ball 2-0: Called Strike 2-1: Ball 3-1: Base on Balls
|
Pitching: RHP Joe Cook
|
|
Batting: RHB Chris Starcher
|
0-0: Foul Ball, location: 2F 0-1: Ball 1-1: Foul Ball, location: 2F 1-2: 2-RUN HOME RUN (Flyball, 78XD, EV 110.0 MPH), Distance : 435 ft
|
Batting: RHB Gustavo Pacheco
|
0-0: Called Strike 0-1: Fly out, F8 (Flyball, 8RS, EV 85.0 MPH)
|
Batting: SHB Donell Burney
|
0-0: Called Strike 0-1: Ground out 6-3 (Groundball, 6, EV 84.4 MPH)
|
Bottom of the 3rd over - 2 runs, 1 hit, 0 errors, 0 left on base; Tri-City 0 - Minnesota (NYP) 16 |
TOP OF THE 4TH |
Tri-City ValleyCats batting - Pitching for Minnesota (NYP) Twins : RHP Carlos Palacios
|
Batting: RHB Sam Spohn
|
0-0: Ball 1-0: Called Strike 1-1: Foul Ball, location: 2F 1-2: Ground out 5-3 (Groundball, 56, EV 80.6 MPH)
|
Pitching: RHP Jim Ahlers
|
|
Batting: RHB Jamie Jennings
|
0-0: Called Strike 0-1: Ball 1-1: Ball 2-1: Ball 3-1: Foul Ball, location: 2F 3-2: Strikes out swinging
|
Batting: RHB Ryan Salas
|
0-0: Foul Ball, location: 2F 0-1: Foul Ball, location: 2F 0-2: Strikes out looking
|
Top of the 4th over - 0 runs, 0 hits, 0 errors, 0 left on base; Tri-City 0 - Minnesota (NYP) 16 |
BOTTOM OF THE 4TH |
Minnesota (NYP) Twins batting - Pitching for Tri-City ValleyCats : RHP Joe Cook
|
Batting: RHB Willie Jimenez
|
0-0: Swinging Strike 0-1: Called Strike 0-2: Ball 1-2: Fly out, F9 (Flyball, 9D, EV 90.0 MPH)
|
Batting: LHB Seung-jun Chang
|
0-0: Ball 1-0: Ball 2-0: Ball 3-0: Called Strike 3-1: Foul Ball, location: 2F 3-2: Base on Balls
|
Pitching: LHP Jackson Trottier
|
|
Batting: RHB David Nardone
|
Balk! Seung-jun Chang to second 0-0: Foul Ball, location: 2F 0-1: Ball 1-1: Ball 2-1: Ball 3-1: Swinging Strike 3-2: Base on Balls
|
Batting: SHB Ian Thompson
|
Balk! Seung-jun Chang to third David Nardone to second 0-0: Foul Ball, location: 2F 0-1: Ball 1-1: Ball Balk! Seung-jun Chang scores David Nardone to third 2-1: Ball 3-1: Base on Balls
|
Batting: RHB Graham Calvert
|
0-0: Ball 1-0: DOUBLE (Line Drive, 7LS, EV 98.1 MPH) David Nardone scores Ian Thompson to third
|
Batting: RHB Michael McDonald
|
0-0: Ball 1-0: Foul Ball, location: 2F 1-1: Ball Wild Pitch! Ian Thompson scores Graham Calvert to third 2-1: Ball 3-1: Swinging Strike 3-2: Base on Balls
|
Pitching: RHP Salvador Gomez
|
|
Batting: RHB Chris Starcher
|
0-0: Called Strike 0-1: Ball 1-1: Ball Wild Pitch! Graham Calvert scores Michael McDonald to second 2-1: Ball 3-1: Called Strike 3-2: Base on Balls
|
Batting: RHB Gustavo Pacheco
|
0-0: DOUBLE (Line Drive, 9LD, EV 98.1 MPH) Michael McDonald scores Chris Starcher to third
|
Batting: SHB Donell Burney
|
0-0: Ball Wild Pitch! Chris Starcher scores Gustavo Pacheco to third 1-0: Ball 2-0: Called Strike 2-1: Reached on error, E4 (Groundball, 4, EV 85.0 MPH) Gustavo Pacheco scores
|
Batting: RHB Willie Jimenez
|
0-0: Hit by Pitch Donell Burney to second
|
Batting: LHB Seung-jun Chang
|
0-0: Ball 1-0: Ball 2-0: Ball 3-0: Base on Balls Donell Burney to third Willie Jimenez to second
|
Batting: RHB David Nardone
|
0-0: Called Strike Passed Ball! Donell Burney scores Willie Jimenez to third Seung-jun Chang to second 0-1: Fly out, F7 (Flyball, 78D, EV 96.9 MPH) Runner from 3rd tags up, SCORES, no throw by LF
|
Pitching: RHP Jorge Gutierrez
|
|
Batting: SHB Ian Thompson
|
0-0: Foul Ball, location: 2F 0-1: Called Strike 0-2: Foul Ball, location: 2F 0-2: Fly out, F5 (Popup, 25F, EV 90.0 MPH)
|
Bottom of the 4th over - 9 runs, 2 hits, 1 error, 1 left on base; Tri-City 0 - Minnesota (NYP) 25 |
TOP OF THE 5TH |
Tri-City ValleyCats batting - Pitching for Minnesota (NYP) Twins : RHP Jim Ahlers
|
Batting: RHB Juan Mendoza
|
0-0: Ball 1-0: Called Strike 1-1: Called Strike 1-2: Strikes out swinging, 2-3 out at first.
|
Batting: RHB Masaru Konno
|
0-0: Foul Ball, location: 2F 0-1: Hit by Pitch
|
Batting: RHB Bobby Dunn
|
0-0: Swinging Strike 0-1: Ball Masaru Konno steals 2nd base 1-1: Foul Ball, location: 2F 1-2: Fly out, F9 (Flyball, 9S, EV 95.0 MPH)
|
Batting: RHB Jason Monico
|
0-0: Ball 1-0: Swinging Strike 1-1: Ground out 6-3 (Groundball, 6M, EV 100.6 MPH)
|
Top of the 5th over - 0 runs, 0 hits, 0 errors, 1 left on base; Tri-City 0 - Minnesota (NYP) 25 |
BOTTOM OF THE 5TH |
Minnesota (NYP) Twins batting - Pitching for Tri-City ValleyCats : RHP Jorge Gutierrez
|
Batting: RHB Graham Calvert
|
0-0: DOUBLE (Flyball, 8LXD, EV 100.6 MPH)
|
Batting: RHB Michael McDonald
|
0-0: Ball 1-0: Called Strike 1-1: Ball 2-1: Ball 3-1: Called Strike 3-2: Base on Balls
|
Batting: RHB Chris Starcher
|
0-0: Ball 1-0: Ball 2-0: Ball 3-0: Swinging Strike 3-1: Base on Balls Graham Calvert to third Michael McDonald to second
|
Batting: RHB Gustavo Pacheco
|
0-0: Ball 1-0: Foul Ball, location: 2F 1-1: Ball Balk! Graham Calvert scores Michael McDonald to third Chris Starcher to second 2-1: Ball Wild Pitch! Michael McDonald scores Chris Starcher to third 3-1: Ground out 6-3 (Groundball, 6, EV 98.8 MPH) Chris Starcher scores
|
Pitching: RHP Mike Koch
|
|
Batting: SHB Donell Burney
|
0-0: Called Strike 0-1: Ball 1-1: Ground out 4-3 (Groundball, 34, EV 97.5 MPH)
|
Batting: RHB Willie Jimenez
|
0-0: Called Strike 0-1: Fly out, F9 (Line Drive, 9D, EV 98.1 MPH)
|
Bottom of the 5th over - 3 runs, 1 hit, 0 errors, 0 left on base; Tri-City 0 - Minnesota (NYP) 28 |
TOP OF THE 6TH |
Tri-City ValleyCats batting - Pitching for Minnesota (NYP) Twins : RHP Jim Ahlers
|
Batting: RHB Jarno van Lente
|
0-0: Ball 1-0: Called Strike 1-1: Ball 2-1: Swinging Strike 2-2: Ball 3-2: Base on Balls
|
Batting: RHB Chris McGrath
|
0-0: Called Strike 0-1: Foul Ball, location: 2F 0-2: Foul Ball, location: 2F 0-2: Ball 1-2: Ball 2-2: Foul Ball, location: 2F 2-2: Strikes out swinging
|
Pitching: RHP Jesus Ruiz
|
|
Batting: RHB Sam Spohn
|
0-0: Ball Jarno van Lente steals 2nd base (no throw) 1-0: Foul Ball, location: 2F 1-1: Fly out, F8 (Flyball, 89M, EV 96.2 MPH)
|
Batting: RHB Jamie Jennings
|
0-0: Ball 1-0: Ground out 6-3 (Groundball, 6, EV 88.8 MPH)
|
Top of the 6th over - 0 runs, 0 hits, 0 errors, 1 left on base; Tri-City 0 - Minnesota (NYP) 28 |
BOTTOM OF THE 6TH |
Minnesota (NYP) Twins batting - Pitching for Tri-City ValleyCats : RHP Mike Koch
|
Batting: LHB Seung-jun Chang
|
0-0: Called Strike 0-1: Foul Ball, location: 2F 0-2: Ground out 6-3 (Groundball, 6, EV 91.9 MPH)
|
Batting: RHB David Nardone
|
0-0: Ball 1-0: Called Strike 1-1: Fly out, F7 (Flyball, 7, EV 88.1 MPH)
|
Batting: SHB Ian Thompson
|
0-0: Ball 1-0: Ball 2-0: Called Strike 2-1: Fly out, F4 (Popup, 34S, EV 89.4 MPH)
|
Bottom of the 6th over - 0 runs, 0 hits, 0 errors, 0 left on base; Tri-City 0 - Minnesota (NYP) 28 |
TOP OF THE 7TH |
Tri-City ValleyCats batting - Pitching for Minnesota (NYP) Twins : RHP Jesus Ruiz
|
Batting: RHB Ryan Salas
|
0-0: Ball 1-0: Ball 2-0: Called Strike 2-1: Foul Ball, location: 2F 2-2: Strikes out swinging
|
Batting: RHB Juan Mendoza
|
0-0: Foul Ball, location: 2F 0-1: Called Strike 0-2: Ball 1-2: Strikes out swinging
|
Batting: RHB Masaru Konno
|
0-0: Ball 1-0: Ball 2-0: Called Strike 2-1: Foul Ball, location: 2F 2-2: Ball 3-2: Base on Balls
|
Batting: RHB Bobby Dunn
|
0-0: Ball Masaru Konno steals 2nd base 1-0: Ball Wild Pitch! Masaru Konno to third 2-0: Called Strike 2-1: Ball 3-1: Base on Balls
|
Batting: RHB Jason Monico
|
0-0: Ball 1-0: Ball 2-0: Called Strike 2-1: Swinging Strike 2-2: Strikes out swinging
|
Top of the 7th over - 0 runs, 0 hits, 0 errors, 2 left on base; Tri-City 0 - Minnesota (NYP) 28 |
BOTTOM OF THE 7TH |
Minnesota (NYP) Twins batting - Pitching for Tri-City ValleyCats : RHP Mike Koch
|
Batting: RHB Graham Calvert
|
0-0: Reached on error, E5 (Groundball, 5S, EV 76.9 MPH)
|
Batting: RHB Michael McDonald
|
0-0: Ball 1-0: Swinging Strike 1-1: Called Strike 1-2: Ball 2-2: Ball 3-2: Base on Balls Graham Calvert to second
|
Pitching: RHP Jon Davis
|
|
Batting: RHB Chris Starcher
|
0-0: Reached on error, E5 (Groundball, 56S, EV 81.2 MPH) Graham Calvert to third Michael McDonald to second
|
Batting: RHB Gustavo Pacheco
|
0-0: Called Strike 0-1: SINGLE (Groundball, 4MD, EV 101.2 MPH) Graham Calvert scores Michael McDonald to third Chris Starcher to second Throwing error, E8 Michael McDonald scores Chris Starcher to third Gustavo Pacheco to second
|
Batting: SHB Donell Burney
|
0-0: Foul Ball, location: 2F 0-1: Foul Ball, location: 2F 0-2: Ground out 4-3 (Groundball, 4, EV 85.6 MPH) Chris Starcher scores Gustavo Pacheco to third
|
Batting: RHB Willie Jimenez
|
0-0: Reached on error, E6 (Groundball, 6, EV 93.1 MPH) Gustavo Pacheco scores
|
Pinch Hitting: RHB Alex Loaiza
|
0-0: Fielders Choice at 2nd, 6-4 (Groundball, 6S, EV 88.1 MPH)
|
Batting: RHB David Nardone
|
0-0: Foul Ball, location: 2F 0-1: Ball 1-1: Ground out 5-3 (Groundball, 56S, EV 90.6 MPH)
|
Bottom of the 7th over - 4 runs, 1 hit, 4 errors, 1 left on base; Tri-City 0 - Minnesota (NYP) 32 |
TOP OF THE 8TH |
Tri-City ValleyCats batting - Pitching for Minnesota (NYP) Twins : RHP Jesus Ruiz
|
Now at 3B: Alex Loaiza
|
|
Batting: RHB Jarno van Lente
|
0-0: Ball 1-0: Called Strike 1-1: Called Strike 1-2: Foul Ball, location: 2F 1-2: Strikes out looking
|
Batting: RHB Chris McGrath
|
0-0: Called Strike 0-1: Ball 1-1: Ball 2-1: SINGLE (Flyball, 4D, EV 91.9 MPH)
|
Batting: RHB Sam Spohn
|
0-0: Ball 1-0: Grounds into double play, 6-4-3 (Groundball, 6, EV 87.5 MPH)
|
Top of the 8th over - 0 runs, 1 hit, 0 errors, 0 left on base; Tri-City 0 - Minnesota (NYP) 32 |
BOTTOM OF THE 8TH |
Minnesota (NYP) Twins batting - Pitching for Tri-City ValleyCats : RHP Jon Davis
|
Pinch Hitting: RHB Mario Salazar
|
0-0: Ball 1-0: Ball 2-0: SINGLE (Groundball, 56S, EV 68.1 MPH) (infield hit)
|
Batting: RHB Graham Calvert
|
0-0: Called Strike 0-1: Ball 1-1: Ball 2-1: Foul Ball, location: 2F 2-2: Ball 3-2: Foul Ball, location: 2F 3-2: Foul Ball, location: 2LF, Error on foul ball, E2 3-2: Reached on error, E4 (Groundball, 4, EV 98.8 MPH) Mario Salazar to second
|
Pinch Hitting: RHB Ben Leiby
|
0-0: Fly out, F4 (Popup, 4, EV 73.1 MPH)
|
Batting: RHB Chris Starcher
|
0-0: Called Strike 0-1: Ball 1-1: Ground out 5-3 (Groundball, 56S, EV 68.8 MPH) Mario Salazar to third Graham Calvert to second
|
Batting: RHB Gustavo Pacheco
|
0-0: Foul Ball, location: 2F 0-1: Foul Ball, location: 2F 0-2: Reached on error, E4 (Groundball, 4, EV 80.6 MPH) Mario Salazar scores Graham Calvert scores
|
Batting: SHB Donell Burney
|
0-0: Ground out 6-3 (Groundball, 6M, EV 91.9 MPH)
|
Bottom of the 8th over - 2 runs, 1 hit, 3 errors, 1 left on base; Tri-City 0 - Minnesota (NYP) 34 |
TOP OF THE 9TH |
Tri-City ValleyCats batting - Pitching for Minnesota (NYP) Twins : RHP Jesus Ruiz
|
Now at C: Mario Salazar
|
|
Now at 1B: Tony Crespo
|
|
Batting: RHB Jamie Jennings
|
0-0: Ball 1-0: Ground out 1-3 (Groundball, 13S, EV 66.9 MPH)
|
Batting: RHB Ryan Salas
|
0-0: Called Strike 0-1: Ground out 3-1 (Groundball, 34S, EV 66.9 MPH)
|
Batting: RHB Juan Mendoza
|
0-0: Ball 1-0: Called Strike 1-1: Ball 2-1: Fly out, F8 (Flyball, 8LS, EV 88.1 MPH)
|
Top of the 9th over - 0 runs, 0 hits, 0 errors, 0 left on base; Tri-City 0 - Minnesota (NYP) 34 |
|